 Dungeon Crawl Stone Soup version 0.32-a0-519-g08f29ac1c3 (webtiles) character file.

Game seed: 12694698032630948602

67 Dirtsage the Chopper (level 4, -10/33 HPs)
             Began as a Coglin Gladiator on Feb 27, 2024.
             Killed by divine providence
             ... invoked by an orc priest
              (11 damage)
             ... on level 3 of the Dungeon.
             The game lasted 00:04:21 (1507 turns).

Dirtsage the Chopper (Coglin Gladiator)             Turns: 1507, Time: 00:04:21

Health: -10/33     AC:  5    Str: 17    XL:     4   Next: 18%
Magic:  0/4        EV: 12    Int:  7    God:
Gold:   153        SH:  0    Dex: 15    Spells: 3/3 levels left

rFire   . . .        a - +0 war axe {María}
rCold   . . .        (no shield)
rNeg    . . .        b - +0 leather armour
rPois   .            c - +0 helmet
rElec   .            (no cloak)
rCorr   .            m - +0 pair of gloves
SInv    .            (no boots)
Will    .....        k - amulet of guardian spirit
Stlth   +            (ring unavailable)
HPRegen 0.25/turn    (ring unavailable)
MPRegen 0.09/turn

%: guardian spirit
@: revved
A: off-hand wielding, slow wielding, warmup strikes, no rings
a: Convert to Beogh


You were on level 3 of the Dungeon.
You visited 1 branch of the dungeon, and saw 3 of its levels.

You collected 153 gold pieces.

Inventory:

Hand Weapons
 a - a +0 war axe (weapon) {María}
Missiles
 d - 3 throwing nets (quivered)
 e - a javelin
Armour
 b - a +0 leather armour (worn)
 c - a +0 helmet (worn)
 m - a +0 pair of gloves (worn)
 s - a scarf of shadows
Jewellery
 k - an amulet of guardian spirit (around neck)
Scrolls
 f - a scroll of noise {unknown}
 h - 2 scrolls of vulnerability {unknown}
 i - 2 scrolls of identify {unknown}
 j - 2 scrolls of enchant weapon {unknown}
 n - 2 scrolls of teleportation {unknown}
Potions
 g - 2 potions of attraction {unknown}
 l - a potion of heal wounds {unknown}
 o - a potion of brilliance {unknown}
 p - a potion of magic {unknown}
 q - 2 potions of cancellation {unknown}
 r - 2 potions of mutation {unknown}
 t - a potion of degeneration {unknown}


   Skills:
 - Level 2.0 Fighting
 + Level 4.9 Axes
 - Level 1.7 Throwing
 - Level 2.6 Dodging


You had 3 spell levels left.
You didn't know any spells.
Your spell library contained the following spells:

 Spells                   Type           Power      Damage    Failure   Level
 Magic Dart               Conj           0%         1d3       50%         1
 Slow                     Hex            0%         N/A       50%         1
 Blink                    Tloc           0%         N/A       65%         2
 Call Imp                 Summ           0%         N/A       65%         2
 Confusing Touch          Hex            0%         N/A       86%         3
 Sigil of Binding         Hex            0%         N/A       86%         3
 Vampiric Draining        Necr           0%         2d6       86%         3


Dungeon Overview and Level Annotations

Branches:
Dungeon (3/15)

Altars:
Kikubaaqudgha
The Shining One


Innate Abilities, Weirdness & Mutations

You can wield a second weapon in your off-hand.
It takes a long time for you to wield or remove held weapons.
Your first few attacks do less damage.
Your grasper-arms cannot wear rings.


Message History

You barely miss the orc priest.
The orc priest is heavily wounded.
You hit the orc but do no damage. The orc barely misses you.
The orc closely misses you.
The orc priest hits you but does no damage.
The orc hits you from afar with a +0 trident.
The orc priest threatens, "Beogh's wrath is as vast as their mercy.
Make your choice!"
You take 4 damage, and have 16/33 hp.
You now have 2/4 mp.
You barely miss the orc priest.
The orc priest is heavily wounded.
You closely miss the orc.
The orc priest hits you but does no damage.
The orc hits you from afar with a +0 trident.
The orc priest hits you with a +0 dagger.
The orc hits you with a +0 whip.
You take 5 damage, and have 11/33 hp.
You now have 1/4 mp.
You hit the orc priest but do no damage.
The orc priest is heavily wounded.
You hit the orc but do no damage. The orc barely misses you.
The orc hits you with a +0 whip.
* * * LOW HITPOINT WARNING * * *
The orc priest hits you but does no damage.
You take 5 damage, and have 6/33 hp.
The orc priest shouts, "Surrender to Beogh and we'll let you live!"
You hit the orc priest but do no damage.
The orc priest is heavily wounded.
You barely miss the orc. The orc closely misses you.
The orc hits you with a +0 whip.
* * * LOW HITPOINT WARNING * * *
The orc priest casts a cantrip, but nothing happens.
You take 2 damage, and have 4/33 hp.
You closely miss the orc priest.
The orc priest is heavily wounded.
You completely miss the orc. The orc hits you but does no damage.
The orc hits you with a +0 whip.
* * * LOW HITPOINT WARNING * * *
The orc priest completely misses you. The orc closely misses you.
The orc priest calls down the wrath of Beogh upon you.
Beogh smites you!
You die...

##...##....
.##.###.#
#..####....
........## #.##
#....
.o#.......# #.#
#.)..
#.#.......# #.#
#...#
#.##......# ##.#
#...#
#..#......#
##†.# #...#
#.......o.#
#..## #...#
#.....o.@.###.##
#...#
#......)o.....#
#...#
#.....##..#####
#...#
#..^..†..#####
#.....#.>....#
#.....######.#
#.....# #.#
#.....# #.#
#.....# #.#


You could see an orc priest and 2 orcs.

Vanquished Creatures
  An adder (D:2)
  2 dart slugs
  A ribbon worm (D:2)
  An orc (D:3)
  7 ball pythons
  5 bats
  2 endoplasms
  5 giant cockroaches (D:1)
  8 hobgoblins
  3 quokkas
  4 frilled lizards
  A goblin (D:2)
  3 kobolds (D:3)
  7 rats
50 creatures vanquished.

Notes
Turn   | Place    | Note
-------+----------+-------------------------------------------
     0 | D:1      | Dirtsage the Coglin Gladiator began the quest for the Orb.
     0 | D:1      | Reached XP level 1. HP: 16/16 MP: 1/1
    42 | D:1      | Reached XP level 2. HP: 19/22 MP: 2/2
   132 | D:1      | Upgraded the game from 0.32-a0-484-g2eb335deba to
                  | 0.32-a0-519-g08f29ac1c3
   149 | D:1      | rypofalem: Hey, just to let you know trunk is bugged right
                  | now so that enemy yellow draconian breath can deal hundreds
                  | of damage. Reccomend waiting til after the server updates
                  | (should be tomorrow) before fighting yellow draconians. You
                  | can press ?v so see your version and it 0.32 build 520 has
                  | the fix.
   159 | D:1      | Reached skill level 4 in Axes
   169 | D:1      | Reached XP level 3. HP: 8/27 MP: 3/3
   885 | D:2      | Found a faded altar of an unknown god.
  1234 | D:3      | Reached XP level 4. HP: 31/33 MP: 4/4
  1258 | D:3      | Found a glowing golden altar of the Shining One.
  1346 | D:3      | Found an ancient bone altar of Kikubaaqudgha.
  1507 | D:3      | HP: 1/33 [orc/+0 whip (4)]
  1507 | D:3      | Killed from afar by an orc priest

Illustrated notes

Levels and vault maps discovered:
D:1:      beargit_arrival_diablo_church, layout_basic
D:2:      layout_loops_ring, ebering_ecumenical_altar_petrified,
          chequers_garden, minivault_19
D:3:      layout_basic, mainiacjoe_overflow_alcove_2,
          nicolae_overflow_crystal_walls, trog_book

Skill      XL: |  1  2 |
---------------+-------+-----
Axes           | 4 |  4.9
Fighting       | |  2.0
Throwing       | |  1.7
Dodging        | |  2.6

Action                     |  1- 3 |  4- 6 || total
---------------------------+-------+-------++-------
  Melee: War axe           |   120 |    26 ||   146
   Stab: Sleeping          |     3 |       ||     3
 Armour: Leather armour    |   110 |    22 ||   132
  Dodge: Dodged            |   104 |    22 ||   126
         Repelled          |       |     3 ||     3

Table legend: (Time is in decaauts)
 A = Elapsed time spent in this place.
 B = Non-inter-level travel time spent in this place.
 C = Inter-level travel time spent in this place.
 D = Time resting spent in this place.
 E = Time spent auto-exploring this place.
 F = Levels seen in this place.
 G = Mean time per level.
                   A        B        C        D        E       F      G
               +--------+--------+--------+--------+--------+-----+--------+
         Total |   1548 |   1469 |     79 |     47 |   1064 |   3 |  516.0 |
       Dungeon |   1548 |   1469 |     79 |     47 |   1064 |   3 |  516.0 |
               +--------+--------+--------+--------+--------+-----+--------+

Top non-repeatable levels by time:
     D:2: 675 daAuts
     D:1: 547 daAuts
     D:3: 325 daAuts
